 Dungeon Crawl Stone Soup version 0.24.0-1-gfbc8707122 (webtiles) character file.

Game seed: 16605609550742696513, levelgen mode: deterministic

3103 Peloso the Carver (level 9, -7/78 HPs)
             Began as a Minotaur Fighter on Oct 27, 2019.
             Was an Elder of Okawaru.
             Mangled by an orc knight
             ... wielding a +0 glaive
              (24 damage)
             ... in a bailey.
             The game lasted 00:15:43 (5584 turns).

Peloso the Carver (Minotaur Fighter)                Turns: 5584, Time: 00:15:44

Health: -7/78      AC: 19    Str: 23    XL:     9   Next: 59%
Magic:  6/8        EV: 16    Int:  5    God:    Okawaru [****..]
Gold:   429        SH: 14    Dex: 16    Spells: 8/8 levels left

rFire    . . .     SeeInvis +   a - +1 long sword
rCold    . . .     Gourm    .   c - +0 shield
rNeg     . . .     Faith    .   l - +0 plate armour
rPois    .         Spirit   .   (helmet restricted)
rElec    .         Reflect  .   (no cloak)
rCorr    .         Harm     .   u - +2 pair of gloves
MR       .....                  (no boots)
Stlth    +.........             (no amulet)
HPRegen  0.23/turn              o - ring of see invisible
MPRegen  0.11/turn              x - ring of stealth

@: agile, heroism, hasted, very quick
A: retaliatory headbutt, horns 2
a: Heroism, Renounce Religion


You were in a bailey.
You worshipped Okawaru.
Okawaru was greatly pleased with you.
You were not hungry.

You visited 1 branch of the dungeon, and saw 7 of its levels.
You also visited: Bailey.

You collected 429 gold pieces.

Inventory:

Hand Weapons
 a - a +1 long sword (weapon)
Armour
 b - a +0 scale mail
 c - a +0 shield (worn)
 l - a +0 plate armour (worn)
 u - a +2 pair of gloves (worn)
Jewellery
 d - an uncursed ring of resist corrosion
 o - a ring of see invisible (left hand)
 p - an uncursed ring of positive energy
 w - a +3 ring of evasion
 x - a ring of stealth (right hand)
Wands
 v - a wand of polymorph (7)
Scrolls
 h - a scroll of enchant armour
 i - 2 scrolls of amnesia
 j - 5 scrolls of enchant weapon
 m - 3 scrolls of remove curse
 n - a scroll of immolation {unknown}
 q - 3 scrolls of teleportation
 r - a scroll of fog {unknown}
Potions
 e - 3 potions of curing
 g - a potion of flight
 s - 3 potions of invisibility {unknown}
 z - 4 potions of heal wounds {unknown}
 A - a potion of mutation {unknown}
 B - a potion of berserk rage {unknown}
Comestibles
 f - 10 rations


   Skills:
 + Level 6.8(11.8) Fighting
 + Level 9.7(14.7) Long Blades
 + Level 8.2(13.2) Armour
 + Level 2.1(7.1) Dodging
 + Level 1.2(6.2) Stealth
 + Level 9.0(14.0) Shields
 + Level 1.2(6.2) Unarmed Combat
 + Level 0.7 Invocations


You had 8 spell levels left.
You didn't know any spells.
Your spell library contained the following spells:

 Spells                   Type           Power        Failure   Level  Hunger
 Confusing Touch          Hex            #.....       99%         1    ##.....
 Shock                    Conj/Air       #...         99%         1    ##.....
 Swiftness                Chrm/Air       #.......     100%        2    ###....
 Confuse                  Hex            #.......     100%        3    ####...
 Gell's Gravitas          Tloc           #.........   100%        3    ####...
 Static Discharge         Conj/Air       #.......     100%        3    ####...
 Airstrike                Air            #.........   100%        4    #####..
 Petrify                  Tmut/Erth      #.......     100%        4    #####..
 Lightning Bolt           Conj/Air       #.........   100%        5    ######.
 Metabolic Englaciation   Hex/Ice        #.........   100%        5    ######.
 Yara's Violent Unravell  Hex/Tmut       #.........   100%        5    ######.


Dungeon Overview and Level Annotations

Branches:
Dungeon (7/15)             Temple (0/1) D:7          Bailey (1/1)

Altars:
Ashenzari
Okawaru
Yredelemnul

Annotations:
D:6 2 transporters, Mrkan's ghost, novice DDFi


Innate Abilities, Weirdness & Mutations

You reflexively headbutt those who attack you in melee.
You have a pair of horns on your head.


Message History

The orc knight is heavily wounded.
The gnoll dissolves into shadows!
You block the orc warrior's attack.
Unknown command.
You hit the orc knight but do no damage.
The orc knight is heavily wounded.
The orc knight hits you with a +0 glaive!!
* * * LOW HITPOINT WARNING * * *
Unknown command.
You closely miss the orc knight.
The orc knight is heavily wounded.
The orc warrior hits you from afar with a +0 trident.
* * * LOW HITPOINT WARNING * * *
Unknown command.
You hit the orc knight but do no damage.
You headbutt the orc knight!
The orc knight is severely wounded.
You slash the orc knight!
The orc knight is almost dead.
The orc knight hits you with a +0 glaive!!
You die...

############ #######
##.∩........## ##.....####
#............######.......#..
#...........@#.g..#...)...'..
#∩.).........oo..))).g....'..
#.)).........#....#)g.....o..
#))))........######..g....#..
##)∩........## ##.....####
############ #######


You could see an orc knight and an orc warrior.

Vanquished Creatures
  Pikel (D:4)
  An orc knight (Bailey)
  A wyvern (D:7)
  5 orc warriors (Bailey)
  3 ice beasts
  2 ogres
  A centaur (D:5)
  A scorpion (D:4)
  A bullfrog zombie (D:7)
  A centaur zombie (D:6)
  3 crimson imps
  3 jellies (D:5)
  A hound (D:4)
  3 orc priests
  2 centaur skeletons (D:6)
  2 iguanas (D:5)
  4 orc wizards
  4 worker ants
  4 gnolls (D:6)
  12 adders
  A shadow imp (D:5)
  An ooze (D:1)
  2 worms
  2 dart slugs
  2 leopard geckos
  52 orcs
  2 ball pythons (D:4)
  9 bats
  4 giant cockroaches
  5 goblins
  9 hobgoblins
  8 jackals
  3 kobolds (D:3)
  4 quokkas
  4 frilled lizards
  2 jackal skeletons
  A quokka skeleton (D:4)
  5 rats
  A toadstool (D:1)
172 creatures vanquished.

Vanquished Creatures (others)
  A scorpion (D:4)
  A frilled lizard (D:4)
  3 toadstools (D:1)
5 creatures vanquished.

Grand Total: 177 creatures vanquished

Notes
Turn   | Place    | Note
-------+----------+-------------------------------------------
     0 | D:1      | Peloso the Minotaur Fighter began the quest for the Orb.
     0 | D:1      | Reached XP level 1. HP: 19/19 MP: 0/0
   130 | D:1      | Found a basalt altar of Yredelemnul.
   136 | D:1      | Reached XP level 2. HP: 24/27 MP: 1/1
   796 | D:2      | Reached XP level 3. HP: 27/33 MP: 2/2
  1475 | D:2      | Reached XP level 4. HP: 33/40 MP: 3/3
  1734 | D:3      | Found an iron altar of Okawaru.
  1740 | D:3      | Became a worshipper of Warmaster Okawaru
  2109 | D:4      | Reached skill level 5 in Armour
  2109 | D:4      | Reached XP level 5. HP: 32/46 MP: 4/4
  2253 | D:4      | Noticed an ogre
  2257 | D:4      | Killed an ogre
  2257 | D:4      | Reached * piety under Okawaru
  2257 | D:4      | Reached skill level 5 in Shields
  2257 | D:4      | Reached XP level 6. HP: 31/53 MP: 5/5
  2324 | D:4      | Noticed a slave
  2324 | D:4      | Noticed a slave
  2325 | D:4      | Noticed a slave
  2326 | D:4      | Noticed Pikel
  2333 | D:4      | Noticed a slave
  2353 | D:4      | Killed Pikel
  2353 | D:4      | Reached ** piety under Okawaru
  2353 | D:4      | Reached skill level 5 in Fighting
  2353 | D:4      | Reached XP level 7. HP: 36/61 MP: 6/6
  2711 | D:5      | Entered Level 5 of the Dungeon
  2749 | D:5      | Found a shattered altar of Ashenzari.
  2843 | D:5      | Reached XP level 8. HP: 39/70 MP: 7/7
  3278 | D:5      | Reached *** piety under Okawaru
  3745 | D:6      | Reached skill level 1 in Dodging
  4015 | D:6      | Found a transporter.
  4015 | D:6      | Noticed Mrkan's ghost (novice DDFi)
  4016 | D:6      | Identified the cursed +2 dire flail of Contention {crush,
                  | MR+}
  4016 | D:6      | Noticed a two-headed ogre
  4121 | D:6      | Reached skill level 1 in Stealth
  4121 | D:6      | Reached skill level 1 in Unarmed Combat
  4350 | D:6      | Found a transporter.
  4681 | D:7      | Reached XP level 9. HP: 78/78 MP: 5/8
  4719 | D:7      | Found a flagged portal.
  4732 | Bailey   | Entered a bailey
  4890 | Bailey   | Reached **** piety under Okawaru
  5298 | Bailey   | Noticed an orc knight
  5361 | Bailey   | Killed an orc knight
  5534 | Bailey   | Noticed an orc knight
  5534 | Bailey   | Noticed an orc knight
  5584 | Bailey   | Mangled by an orc knight

Levels and vault maps discovered:
D:1:      ldierk_water_garden, layout_basic, minmay_hexomino_r4
D:2:      layout_basic
D:3:      layout_loops_cross, lemuel_crystal_altar, first_ration
D:4:      layout_loops_ring, uniq_pikel
D:5:      layout_basic, grunt_ministairs_14, cheibrodos_ashenzari_chains
D:6:      layout_rooms, gammafunk_ghost_smash
D:7:      layout_rooms, minmay_temple_entry_junction_2, enter_bailey_2
Bailey:   bailey_polearm_5, bailey

Skill      XL: |  1  2  3  4  5  6  7  8  9 |
---------------+----------------------------+-----
Fighting       | 4 5 6 |  6.8
Armour         | 4 5 6 7 8 |  8.2
Shields        | 4 5 6 8 9 |  9.0
Long Blades    | 3 4 6 7 8 9 |  9.7
Dodging        | 1 2 |  2.1
Stealth        | 1 |  1.2
Unarmed Combat | 1 |  1.2
Invocations    | |  0.7

Action                   |  1- 3 |  4- 6 |  7- 9 || total
-------------------------+-------+-------+-------++-------
Melee: Long sword        |    96 |   146 |   381 ||   623
       Headbutt          |    12 |    30 |    95 ||   137
       Unarmed           |       |       |    14 ||    14
Invok: Heroism           |       |       |     8 ||     8
  Use: Potion            |     3 |     1 |     3 ||     7
       Scroll            |       |       |     7 ||     7
 Stab: Confused          |       |       |     3 ||     3
  Eat: Chunk             |     1 |     4 |    11 ||    16
Armor: Scale mail        |    10 |       |       ||    10
       Plate armour      |    60 |   102 |   245 ||   407
       Skin              |       |       |     1 ||     1
Dodge: Dodged            |    21 |    28 |   142 ||   191
Block: Shield            |    60 |    82 |   267 ||   409
       Rpst.: Long sword |     7 |     5 |    22 ||    34
